 Dungeon Crawl Stone Soup version 0.22-a0-79-g605b837 (webtiles) character file.

261 Zhenya24pyc the Shooter (level 5, -1/42 HPs)
             Began as a Centaur Hunter on Jan 17, 2018.
             Slain by a gnoll
             ... wielding a +0 club
              (4 damage)
             ... on level 4 of the Dungeon.
             The game lasted 00:06:00 (2863 turns).

Zhenya24pyc the Shooter (Centaur Hunter)            Turns: 2863, Time: 00:06:01

Health: -1/42      AC:  5    Str: 14    XL:     5   Next: 96%
Magic:  5/5        EV: 10    Int: 10    God:
Gold:   126        SH:  0    Dex: 11    Spells: 4/4 levels left

rFire    . . .     SeeInvis .   b - +0 short sword
rCold    . . .     Gourm    .   (no shield)
rNeg     . . .     Faith    .   c - +0 leather armour
rPois    .         Spirit   .   i - +0 helmet
rElec    .         Reflect  .   (no cloak)
rCorr    .         Harm     .   (no gloves)
MR       .....     Rnd*Tele +   (no barding)
Stlth    +.........             (no amulet)
HPRegen  0.14/turn              o - ring of teleportation (curse)
MPRegen  0.09/turn              (no ring)

@: very quick
A: large, hooves 3, deformed body, speed 2, tough skin 3
a: no special abilities


You were on level 4 of the Dungeon.
You were very hungry.

You visited 1 branch of the dungeon, and saw 4 of its levels.

You collected 126 gold pieces.

Inventory:

Hand Weapons
 a - a +1 shortbow
 b - a +0 short sword (weapon)
Armour
 c - a +0 leather armour (worn)
 i - a +0 helmet (worn)
Jewellery
 o - a cursed ring of teleportation (left hand)
Wands
 s - a wand of random effects (21)
Scrolls
 e - 2 scrolls of teleportation {unknown}
 g - a scroll of enchant weapon {unknown}
 h - 3 scrolls of remove curse {unknown}
 j - a scroll of noise {unknown}
 l - a scroll of immolation {unknown}
 m - 3 scrolls of identify {unknown}
 p - a scroll of fog {unknown}
 t - a scroll of magic mapping {unknown}
 u - a scroll of blinking {unknown}
Potions
 k - 2 potions of haste {unknown}
 n - 2 potions of curing {unknown}
 q - a potion of heal wounds {unknown}
 r - a potion of agility {unknown}
Comestibles
 f - 5 rations


   Skills:
 - Level 2.3 Fighting
 - Level 0.8 Short Blades
 * Level 7.4 Bows
 - Level 0.7 Armour
 + Level 2.2 Dodging
 * Level 1.9 Stealth


You had 4 spell levels left.
You didn't know any spells.

Dungeon Overview and Level Annotations

Branches:
Dungeon (4/15)
 Temple: D:4-7

Altars:
Fedhas
Makhleb
Nemelex Xobeh


Innate Abilities, Weirdness & Mutations

You have hooves in place of feet.
Armour fits poorly on your strangely shaped body.
You cover ground very quickly.
You have extremely tough skin. (AC +3)


Message History

The gnoll hits you with a club.
* * * LOW HITPOINT WARNING * * *
The gnoll barely misses you.
You hit the gnoll. Your kick misses the gnoll.
The gnoll is almost dead.
The gnoll hits you with a club.
* * * LOW HITPOINT WARNING * * *
The gnoll hits you but does no damage.
You hit the gnoll but do no damage. Your kick misses the gnoll.
The gnoll is almost dead.
The gnoll barely misses you.
The gnoll hits you from afar with a spear.
* * * LOW HITPOINT WARNING * * *
You barely miss the gnoll.
The gnoll is almost dead.
The gnoll misses you. The gnoll completely misses you.
You barely miss the gnoll.
The gnoll is almost dead.
The gnoll hits you with a club.
You die...

# .. ... .(.. .(...
......####
.....gg@.#
.?...g##.# ..!.. #.#
.... #.# ### #.# #.#
#.# #.#
####.###############


You could see 3 gnolls.

Vanquished Creatures
  Blork the orc (D:4)
  An orc wizard (D:4)
  2 worker ants (D:4)
  A gnoll (D:4)
  4 adders (D:2)
  An ooze (D:3)
  2 worms
  A leopard gecko (D:3)
  4 orcs (D:4)
  2 ball pythons
  3 giant cockroaches
  7 goblins
  5 hobgoblins
  2 jackals (D:2)
  8 kobolds
  A quokka (D:4)
  9 bats
  6 frilled lizards
  5 rats
65 creatures vanquished.

Notes
Turn   | Place    | Note
-------+----------+-------------------------------------------
     0 | D:1      | Zhenya24pyc the Centaur Hunter began the quest for the Orb.
     0 | D:1      | Reached XP level 1. HP: 17/17 MP: 1/1
   165 | D:1      | Reached XP level 2. HP: 14/24 MP: 2/2
   222 | D:1      | Reached skill level 6 in Bows
   625 | D:2      | Reached XP level 3. HP: 18/30 MP: 3/3
   661 | D:2      | Found a blossoming altar of Fedhas.
   833 | D:2      | Reached XP level 4. HP: 25/37 MP: 4/4
  1197 | D:3      | Found a sparkling altar of Nemelex Xobeh.
  1931 | D:4      | Reached skill level 1 in Stealth
  2181 | D:4      | Reached XP level 5. HP: 31/42 MP: 5/5
  2219 | D:4      | Reached skill level 7 in Bows
  2264 | D:4      | Noticed Blork the orc
  2288 | D:4      | HP: 1/42 [Blork the orc/puff of flame (3)]
  2289 | D:4      | Killed Blork the orc
  2354 | D:4      | Found a burning altar of Makhleb.
  2354 | D:4      | Noticed a blizzard demon
  2599 | D:4      | Noticed a smoke demon
  2599 | D:4      | Noticed a neqoxec
  2863 | D:4      | Slain by a gnoll

Vault maps used:
D:1:      mrwooster_arrival_arrow
D:2:      first_ration, fedhas_altar_2
D:3:      old_standard_altar
D:4:      makhleb_altar_promises_db, serial_shops, shop,
          kennysheep_generic_room_10, uniq_blork_the_orc

Skill      XL: |  1  2  3  4  5 |
---------------+----------------+-----
Bows           | 6 7 |  7.4
Stealth        | 1 |  1.9
Dodging        | 2 |  2.2
Fighting       | |  2.3
Short Blades   | |  0.8
Armour         | |  0.7

Action                   |  1- 3 |  4- 6 || total
-------------------------+-------+-------++-------
Melee: Short sword       |    87 |    46 ||   133
       Kick              |    18 |    14 ||    32
 Fire: Shortbow          |    19 |    82 ||   101
  Eat: Chunk             |       |     3 ||     3
Armor: Leather armour    |    41 |    18 ||    59
Dodge: Dodged            |    55 |    32 ||    87

Table legend:
 A = Spawn XP
 B = Non-spawn XP
 C = Spawn XP percentage of total XP
 D = Spawn monster count
 E = Non-spawn monster count
 F = Spawn count percentage of total count
 G = Total turns spent on level
                    A         B        C        D         E        F      G
               +---------+---------+-------+---------+---------+-------+---------
         Total |       0 |     373 |   0.0 |       0 |      65 |   0.0 |  2863
               +---------+---------+-------+---------+---------+-------+---------
           D:1 |       0 |      32 |   0.0 |       0 |      19 |   0.0 |   615
           D:2 |       0 |      81 |   0.0 |       0 |      24 |   0.0 |   411
           D:3 |       0 |      26 |   0.0 |       0 |      10 |   0.0 |   893
           D:4 |       0 |     234 |   0.0 |       0 |      12 |   0.0 |   944
               +---------+---------+-------+---------+---------+-------+---------
